 Dungeon Crawl Stone Soup version 0.20-a0-350-ga83eecc (webtiles) character file.

1261 TheGoonsmith the Cleaver (level 8, 74/74 HPs)
             Began as a Minotaur Berserker on Nov 4, 2016.
             Was a Priest of Trog.
             Quit the game on level 6 of the Dungeon on Dec 23, 2016.
             The game lasted 00:07:44 (5096 turns).

TheGoonsmith the Cleaver (Minotaur Berserker)       Turns: 5096, Time: 00:07:45

Health: 74/74      AC:  9    Str: 22    XL:     8   Next: 27%
Magic:  7/7        EV:  8    Int:  4    God:    Trog [***...]
Gold:   263        SH:  0    Dex: 12    Spells: 7/7 levels left

rFire  . . .     SeeInvis .     a - +1 hand axe
rCold  . . .     Gourm    .     s - +0 chain mail
rNeg   . . .     Faith    .     (no shield)
rPois  .         Spirit   .     (helmet restricted)
rElec  .         Reflect  .     (no cloak)
rCorr  .         Harm     .     (no gloves)
MR     .....                    y - +0 pair of boots
Stlth  ..........               j - amulet of regeneration
                                (no ring)
                                (no ring)

@: no status effects
A: retaliatory headbutt, horns 2
a: Berserk, Trog's Hand, Burn Spellbooks, Renounce Religion


You were on level 6 of the Dungeon.
You worshipped Trog.
Trog was most pleased with you.
You were not hungry.

You visited 1 branch of the dungeon, and saw 6 of its levels.

You collected 263 gold pieces.

Inventory:

Hand Weapons
 a - a +1 hand axe (weapon)
Missiles
 B - 2 tomahawks of dispersal
 F - 5 tomahawks (quivered)
Armour
 b - a +0 animal skin
 l - a +0 ring mail
 s - a +0 chain mail (worn)
 y - a +0 pair of boots (worn)
Jewellery
 i - an uncursed amulet of faith
 j - an amulet of regeneration (around neck)
 H - a +2 ring of protection {unknown}
 I - an uncursed ring of protection from fire {unknown}
 J - an uncursed ring of protection from magic {unknown}
Wands
 z - a wand of disintegration (7/24)
Scrolls
 d - 2 scrolls of amnesia
 e - 2 scrolls of immolation
 h - 2 scrolls of remove curse
 k - a scroll of teleportation
 r - 5 scrolls of identify
 A - a scroll of enchant weapon
 D - a scroll of fog {unknown}
 E - a scroll of fear {unknown}
Potions
 f - a potion of cancellation
 g - 2 potions of cure mutation {unknown}
 m - 2 potions of lignification {unknown}
 n - a potion of heal wounds {unknown}
 o - a potion of might {unknown}
 p - a potion of flight {unknown}
 v - a potion of invisibility {unknown}
 x - 5 potions of curing
 C - a potion of agility {unknown}
Comestibles
 c - 5 bread rations
 q - a beef jerky
 t - a fruit
 u - 3 meat rations
 w - a slice of pizza
 G - 5 chunks of flesh


   Skills:
 + Level 8.0 Fighting
 * Level 10.2 Axes
 - Level 2.4 Armour
 - Level 2.1 Dodging


You had 7 spell levels left.
You didn't know any spells.

Dungeon Overview and Level Annotations

Branches:
Dungeon (6/15)             Temple (0/1) D:5

Altars:
Ashenzari
Cheibriados
Sif Muna
Vehumet
Yredelemnul


Innate Abilities, Weirdness & Mutations

You reflexively headbutt those who attack you in melee.
You have a pair of horns on your head.


Message History

You headbutt the orc.
You kill the orc!
Trog accepts your kill.
No target in view!
No target in view!
No target in view!
Welcome back, TheGoonsmith the Minotaur Berserker.
Trog says: Kill them all!
Press ? for a list of commands and other information.
Things that are here:
a robe; a dagger; an orc corpse
F - 5 tomahawks (gained 3)
You see here a dagger.
Things that are here:
a robe; a dagger; an orc corpse
Things that are here:
a robe; a dagger HP restored.
J - an onyx ring Are you sure you want to abandon this character and quit the game? (Confirm with "yes".)

.............#
###.....######
..#.....#
........#####
............#
###
.....##.....#
.... ...##
###...# $....
..#
#.#..#......
..
#.##.@.......
$$# ##........
#$$ #..######
#.# ...# .#
...# ....#
....# ....##


There were no monsters in sight!

Vanquished Creatures
  Duvessa (D:5)
  An orc warrior (D:6)
  A sky beast (D:6)
  A phantom (D:4)
  2 ogres
  Dowan (D:5)
  3 hounds
  An orc priest (D:4)
  3 orc wizards
  An iguana (D:5)
  Natasha (thrice) (D:2)
  2 worker ants
  A killer bee zombie (D:5)
  A hound skeleton (D:4)
  Robin (D:2)
  A howler monkey skeleton (D:4)
  A worker ant zombie (D:3)
  10 adders
  A shadow imp (D:5)
  An ooze (D:5)
  An adder skeleton (D:4)
  3 worms
  8 dart slugs
  A leopard gecko (D:4)
  18 orcs
  2 ball pythons
  A giant cockroach (D:1)
  16 goblins
  10 hobgoblins
  4 jackals (D:1)
  5 kobolds
  A quokka (D:4)
  8 bats
  5 frilled lizards
  A jackal skeleton (D:5)
  A leopard gecko skeleton (D:4)
  A quokka zombie (D:5)
  6 rats
129 creatures vanquished.

Vanquished Creatures (others)
  2 plants (D:5)
2 creatures vanquished.

Grand Total: 131 creatures vanquished

Notes
Turn   | Place    | Note
-------+----------+-------------------------------------------
     0 | D:1      | TheGoonsmith the Minotaur Berserker began the quest for the Orb.
     0 | D:1      | Reached XP level 1. HP: 19/19 MP: 0/0
   329 | D:1      | Reached skill level 4 in Axes
   329 | D:1      | Reached XP level 2. HP: 21/27 MP: 1/1
   918 | D:2      | Noticed Natasha
   924 | D:2      | Killed Natasha
   924 | D:2      | Reached XP level 3. HP: 23/34 MP: 2/2
   927 | D:2      | Reached ** piety under Trog
  1172 | D:2      | Noticed Natasha
  1175 | D:2      | Killed Natasha
  1175 | D:2      | Reached skill level 5 in Axes
  1175 | D:2      | Reached XP level 4. HP: 36/41 MP: 3/3
  1414 | D:2      | Noticed Natasha
  1415 | D:2      | Found a shattered altar of Ashenzari.
  1418 | D:2      | Killed Natasha
  1418 | D:2      | Reached skill level 5 in Fighting
  1455 | D:2      | Noticed Robin
  1466 | D:2      | Reached XP level 5. HP: 46/48 MP: 4/4
  1469 | D:2      | Killed Robin
  1491 | D:2      | Found a snail-covered altar of Cheibriados.
  1634 | D:2      | Reached skill level 6 in Axes
  2369 | D:3      | Found a basalt altar of Yredelemnul.
  2527 | D:3      | Reached XP level 6. HP: 57/57 MP: 5/5
  2857 | D:4      | Reached skill level 7 in Axes
  2900 | D:4      | Found a snail-covered altar of Cheibriados.
  2900 | D:4      | Found a faded altar of an unknown god.
  2905 | D:4      | Found a radiant altar of Vehumet.
  2907 | D:4      | Found a faded altar of an unknown god.
  2908 | D:4      | Found a faded altar of an unknown god.
  3189 | D:4      | Reached XP level 7. HP: 64/64 MP: 6/6
  3216 | D:4      | Reached skill level 8 in Axes
  3519 | D:5      | Entered Level 5 of the Dungeon
  3541 | D:5      | Noticed Duvessa
  3542 | D:5      | Noticed Dowan
  3552 | D:5      | Killed Duvessa
  3565 | D:5      | Killed Dowan
  3565 | D:5      | Reached skill level 9 in Axes
  3824 | D:5      | Reached *** piety under Trog
  3947 | D:5      | Found a staircase to the Ecumenical Temple.
  4326 | D:5      | Reached XP level 8. HP: 73/73 MP: 7/7
  4347 | D:5      | Found a deep blue altar of Sif Muna.
  4992 | D:6      | Reached skill level 10 in Axes
  5077 | D:6      | Upgraded the game from 0.20-a0-16-g0876c8e to 0.20-a0-350-ga83eecc
  5096 | D:6      | Quit the game

Vault maps used:
D:1:      dpeg_arrival_rooms_c, dk_noncrumbling_3
D:2:      ashenzari_conservatory_becter, kennysheep_slug_shrine, uniq_natasha,
          uniq_robin
D:3:      lemuel_crystal_altar, first_bread
D:4:      cheibrodos_helix_gallery, chequers_temple_overflow_minitemple
D:5:      lemuel_crystal_altar, serial_bayou_lagoon_a, uniq_duvessa
D:6:      lemuel_round_altar, minivault_22

Skill      XL: |  1  2  3  4  5  6  7  8 |
---------------+-------------------------+-----
Axes           | 4 5 6 7 9 10 | 10.2
Fighting       | 4 5 6 7 8 |  8.0
Armour         | |  2.4
Dodging        | |  2.1

Action                   |  1- 3 |  4- 6 |  7- 9 || total
-------------------------+-------+-------+-------++-------
Melee: Hand axe          |    43 |   182 |   104 ||   329
       Headbutt          |     8 |    32 |    28 ||    68
Invok: Berserk           |     1 |       |       ||     1
       Trog's Hand       |       |     1 |       ||     1
  Use: Scroll            |       |     8 |     2 ||    10
  Eat: Chunk             |     1 |     8 |     6 ||    15
Armor: Animal skin       |     7 |       |       ||     7
       Ring mail         |     6 |    48 |    10 ||    64
       Chain mail        |       |       |    20 ||    20
Dodge: Dodged            |    36 |    99 |    42 ||   177
